 Dungeon Crawl Stone Soup version 0.18-a0-1180-g64ccc1e (webtiles) character file.

214 kae the Firebug (level 5, -4/28 HPs)
             Began as a Tengu Fire Elementalist on Jan 27, 2016.
             Slain by Crazy Yiuf
             ... wielding a +3 quarterstaff of chaos
              (10 damage)
             ... on level 3 of the Dungeon.
             The game lasted 00:05:18 (3047 turns).

kae the Firebug (Tengu Fire Elementalist)           Turns: 3047, Time: 00:05:18

Health: -4/28      AC:  2    Str:  8    XL:     5   Next: 91%
Magic:  6/10       EV: 12    Int: 22    God:
Gold:   159        SH:  0    Dex: 14    Spells: 3 memorised, 4 levels left

rFire  . . .     SeeInvis .     y - +0 falchion
rCold  . . .     Gourm    .     a - +0 robe
rNeg   . . .     Faith    .     (no shield)
rPois  .         Spirit   .     (helmet restricted)
rElec  .         Dismiss  .     (no cloak)
rCorr  .         Reflect  .     (no gloves)
SustAt .         Harm     .     (boots unavailable)
MR     .....                    (no amulet)
Stlth  +.........               (no ring)
                                (no ring)

@: confused, brilliant, lethally poisoned (-4 -> -9), very slightly
contaminated, invisible, not resistant to hostile enchantments, very unstealthy
A: beak, talons 3, able to fly 1
a: Fly


You were on level 3 of the Dungeon.
You were hungry.

You visited 1 branch of the dungeon, and saw 3 of its levels.

You collected 159 gold pieces.

Inventory:

Hand Weapons
 y - a +0 falchion (weapon)
Armour
 a - a +0 robe (worn)
Jewellery
 n - a +2 ring of protection {unknown}
Wands
 v - a wand of random effects (24/48)
Scrolls
 d - 9 scrolls of identify
 e - a scroll of magic mapping
 k - a scroll of recharging {unknown}
 m - a scroll of noise {unknown}
 o - a scroll of blinking
 q - a scroll of remove curse {unknown}
 x - a scroll of teleportation {unknown}
Potions
 j - a potion of cancellation {unknown}
 r - a potion of haste {unknown}
 s - a potion of poison {unknown}
 w - a potion of magic {unknown}
Books
 b - a book of Flames

   Spells                             Type                      Level
   a - Flame Tongue                   Conjuration/Fire             1
   b - Throw Flame                    Conjuration/Fire             2
   c - Conjure Flame                  Conjuration/Fire             3
   d - Inner Flame                    Hexes/Fire                   3
   e - Sticky Flame                   Conjuration/Fire             4
   f - Fireball                       Conjuration/Fire             5
Comestibles
 c - 5 bread rations
 i - a slice of pizza
 l - 6 fruits
 t - a meat ration


   Skills:
 - Level 2.1 Dodging
 - Level 2.0 Stealth
 + Level 3.1 Spellcasting
 * Level 4.5 Conjurations
 * Level 5.1 Fire Magic


You had 4 spell levels left.
You knew the following spells:

 Your Spells              Type           Power        Failure   Level  Hunger
a - Flame Tongue          Conj/Fire      #####        1%          1    None
b - Throw Flame           Conj/Fire      #####.       1%          2    ##.....
c - Conjure Flame         Conj/Fire      #####...     1%          3    ###....


Dungeon Overview and Level Annotations

Branches:
Dungeon (3/15)

Altars:
Fedhas
Zin

Annotations:
D:3 Crazy Yiuf


Innate Abilities, Weirdness & Mutations

You have a beak for a mouth.
You have claws for feet.
You can fly.


Message History

You're too confused to move!
Crazy Yiuf hits you with a quarterstaff of chaos!
* * * LOW HITPOINT WARNING * * *
You are poisoned.
Unknown command.
You bump into the rock wall.
* * * LOW HITPOINT WARNING * * *
You feel sick. Crazy Yiuf closely misses you.
Unknown command.
Drink which item? (? for menu, Esc to quit)
It was a potion of brilliance.
You feel clever all of a sudden. Crazy Yiuf barely misses you.
Drink which item? (? for menu, Esc to quit)
It was a potion of cure mutation.
It has a very clean taste.
* * * LOW HITPOINT WARNING * * *
You feel sick.
Crazy Yiuf grits, "Snurf head agre!"
Crazy Yiuf hits you with a quarterstaff of chaos!
You die...

# #.###..# #...#......## #
#.##...# ###** #####......# #
##.##...# #).,* #......# #
#).##...# #..,* ##(.####
#.###...# *..,* ######)..#
#.##..#.# *#.** #..<.....####
###.##.##.# #.## #............
.......#..# *#g# #..#...#..[..
###[###..## #@## #....###)....
##.#...)## ##.# #.....##.....
##..#.##..# ##.## #..#...#<....
#........## ##...# #............
..###.#### #....# #......#.....
..###.##### #....# #..###...#...
..........####+..+####..####(###.
#####)#####.##....#......# #.###.
.(().................###.###..###


You could see Crazy Yiuf.

Vanquished Creatures
  An orc priest (D:3)
  An orc wizard (D:2)
  Robin (D:3)
  7 adders
  3 oozes
  A worm (D:3)
  5 giant geckos
  4 orcs
  7 bats
  3 giant cockroaches
  2 hobgoblins
  4 jackals (D:3)
  3 giant newts
  12 goblins (D:3)
  7 kobolds
  8 rats
69 creatures vanquished.

Notes
Turn   | Place    | Note
--------------------------------------------------------------
     0 | D:1      | kae the Tengu Fire Elementalist began the quest for the Orb.
     0 | D:1      | Reached XP level 1. HP: 10/10 MP: 4/4
   186 | D:1      | Reached XP level 2. HP: 15/15 MP: 3/6
   680 | D:2      | You fall through a shaft!
   724 | D:2      | Found a glowing silver altar of Zin.
   795 | D:2      | Reached XP level 3. HP: 19/19 MP: 1/7
   980 | D:2      | Reached skill level 4 in Fire Magic
  1088 | D:2      | Found a blossoming altar of Fedhas.
  1449 | D:2      | Reached XP level 4. HP: 18/24 MP: 3/8
  1857 | D:2      | Gained mutation: You can fly. [Tengu growth]
  1857 | D:2      | Reached XP level 5. HP: 22/28 MP: 6/10
  2010 | D:3      | Learned a level 2 spell: Throw Flame
  2014 | D:3      | Learned a level 3 spell: Conjure Flame
  2223 | D:3      | Reached skill level 5 in Fire Magic
  2328 | D:3      | Noticed Robin
  2747 | D:3      | Killed Robin
  3019 | D:3      | Noticed Crazy Yiuf
  3047 | D:3      | Slain by Crazy Yiuf

Vault maps used:
D:1:      tarquinn_simple_flora_water_f, st_stairs_12
D:2:      fedhas_altar_fruit_tree, marbit_many_paths
D:3:      first_bread, uniq_crazy_yiuf_cottage, uniq_robin

Action                   |  1- 3 |  4- 6 || total
-------------------------+-------+-------++-------
Melee: Unarmed           |    13 |     7 ||    20
 Cast: Flame Tongue      |    44 |    82 ||   126
       Throw Flame       |       |     9 ||     9
       Conjure Flame     |       |     2 ||     2
  Use: Scroll            |     4 |       ||     4
       Potion            |       |     4 ||     4
  Eat: Chunk             |     2 |     5 ||     7
